 Dungeon Crawl Stone Soup version 0.28-a0-1404-g4df0f3684d (webtiles) character file.

Game seed: 758433720616270937

53 fragbeetle the Cudgeller (level 3, 0/36 HPs)
             Began as a Troll Berserker on Jan 5, 2022.
             Was a Believer of Trog.
             Succumbed to an adder's poison
             ... on level 2 of the Dungeon.
             The game lasted 00:02:31 (665 turns).

fragbeetle the Cudgeller (Troll Berserker)           Turns: 665, Time: 00:02:32

Health: 0/36       AC:  4    Str: 25    XL:     3   Next: 62%
Magic:  2/2        EV: 10    Int:  5    God:    Trog [**....]
Gold:   39         SH:  0    Dex:  9    Spells: 2/2 levels left

rFire   . . .      SeeInvis .   a - +0 mace
rCold   . . .      Faith    .   (no shield)
rNeg    . . .      Spirit   .   b - +0 animal skin
rPois   .          Reflect  .   (helmet restricted)
rElec   .          Harm     .   (no cloak)
rCorr   .          Rampage  .   (gloves unavailable)
Will    .....                   (boots unavailable)
Stlth   +.........              (no amulet)
HPRegen 0.92/turn               (no ring)
MPRegen 0.08/turn               (no ring)

@: lethally poisoned (0 -> -1), on berserk cooldown, slowed, very slow
A: large, unfitting armour, claws 3, regeneration 1, shaggy fur 1, tough skin 1
a: Renounce Religion, Berserk, Trog's Hand


You were on level 2 of the Dungeon.
You worshipped Trog.
Trog was pleased with you.
You visited 1 branch of the dungeon, and saw 2 of its levels.

You collected 39 gold pieces.

Inventory:

Hand Weapons
 a - a +0 mace (weapon)
Missiles
 c - 64 stones (quivered)
Armour
 b - a +0 animal skin (worn)
Scrolls
 d - a scroll of immolation {unknown}
 e - a scroll of teleportation {unknown}
Potions
 f - a potion of curing {unknown}
 g - a potion of degeneration {unknown}
 h - 2 potions of mutation {unknown}


   Skills:
 + Level 2.8 Fighting
 * Level 3.4 Maces & Flails
 + Level 0.9 Throwing
 + Level 2.7 Dodging


You had 2 spell levels left.
You didn't know any spells.
Your spell library was empty.

Dungeon Overview and Level Annotations

Branches:
Dungeon (2/15)

Altars:


Innate Abilities, Weirdness & Mutations

You are too large for most types of armour.
You have claws for hands.
Your natural rate of healing is unusually fast.
You are covered in fur. (AC +1)
You have tough skin. (AC +1)


Message History

The hobgoblin misses you.
A kobold comes into view. It is wielding a +0 whip.
The adder closely misses you. The ball python closely misses you.
You barely miss the adder.
You feel sick. The hobgoblin barely misses you. The adder barely misses you.
The ball python bites you but does no damage.
You barely miss the adder.
You feel sick. The ball python barely misses you. The adder bites you.
* * * LOW HITPOINT WARNING * * *
You are more poisoned.
The adder poisons you! The hobgoblin barely misses you.
You thump the adder!
You kill the adder!
Trog accepts your kill.
You feel sick. The ball python barely misses you. The hobgoblin hits you.
* * * LOW HITPOINT WARNING * * *
You sock the hobgoblin!
You kill the hobgoblin!
Trog accepts your kill.
* * * LOW HITPOINT WARNING * * *
You feel sick.
The ball python bites you but does no damage.
You sock the ball python!
You kill the ball python!
Trog accepts your kill.
You can now call upon Trog for regeneration and willpower.
* * * LOW HITPOINT WARNING * * *
You feel sick.
A kobold comes into view. It is wielding a +0 short sword.
You are too berserk!
You enter the shallow water.
Moving in this stuff is going to be slow.
* * * LOW HITPOINT WARNING * * *
You feel sick.
Found a stone staircase leading up.
You feel a strong urge to attack something.
You are no longer berserk.
You are exhausted.
You feel yourself slow down.
You die...

.........
......... .#
#........ ...##
###........
....###≈#........
#...#≈#........
..####..≈.<.......
.......††.........
##.##.K.≈@........
#.†#≈#......##
.....#≈#........
#..#..#≈#........
....#..###........
... ..# ##.......
K. #.. ...... #..
#..<..


You could see a kobold.

Vanquished Creatures
  2 adders (D:2)
  3 ball pythons
  6 endoplasms (D:1)
  5 goblins (D:1)
  5 hobgoblins
  4 bats (D:1)
  A frilled lizard (D:1)
  A kobold (D:1)
  3 rats (D:1)
30 creatures vanquished.

Notes
Turn   | Place    | Note
-------+----------+-------------------------------------------
     0 | D:1      | fragbeetle the Troll Berserker began the quest for the Orb.
     0 | D:1      | Reached XP level 1. HP: 22/22 MP: 0/0
    46 | D:1      | Reached skill level 3 in Maces & Flails
    46 | D:1      | Reached XP level 2. HP: 29/29 MP: 1/1
   376 | D:1      | Reached XP level 3. HP: 36/36 MP: 2/2
   524 | D:1      | Reached ** piety under Trog
   661 | D:2      | HP: 2/54 [hobgoblin (4)]
   665 | D:2      | Succumbed to an adder's poison

Illustrated notes

Levels and vault maps discovered:
D:1:      amcnicky_arrival_gap_in_the_tavern_cellar, layout_basic
D:2:      layout_rooms, serial_shops, shop,
          shapermc_ecumenical_altar_starsandcircs, serial_rivers,
          chequers_serial_rivers_micro_a, chequers_serial_rivers_micro_a,
          chequers_serial_rivers_micro_c, chequers_serial_rivers_small_a,
          chequers_serial_rivers_small_b

Skill      XL: |  1 |
---------------+----+-----
Maces & Flails | 3 |  3.4
Fighting       | |  2.8
Throwing       | |  0.9
Dodging        | |  2.7

Action                   || total
-------------------------++-------
Melee: Mace              ||    72
Invok: Berserk           ||     1
Armor: Animal skin       ||    34
Dodge: Dodged            ||    53

Table legend: (Time is in decaauts)
 A = Elapsed time spent in this place.
 B = Non-inter-level travel time spent in this place.
 C = Inter-level travel time spent in this place.
 D = Time resting spent in this place.
 E = Time spent auto-exploring this place.
 F = Levels seen in this place.
 G = Mean time per level.
                   A        B        C        D        E       F      G
               +--------+--------+--------+--------+--------+-----+--------+
         Total |    679 |    637 |     42 |      0 |    422 |   2 |  339.5 |
       Dungeon |    679 |    637 |     42 |      0 |    422 |   2 |  339.5 |
               +--------+--------+--------+--------+--------+-----+--------+

Top non-repeatable levels by time:
     D:1: 657 daAuts
     D:2: 21 daAuts
